 Dungeon Crawl Stone Soup version 0.29.0-7-g18a832c13a (webtiles) character file.

Game seed: 9892800781835677851

9276 wingedge the Thaumaturge (level 11, -9/77 HPs)
             Began as a Mummy Wanderer on Aug 30, 2022.
             Was an Elder of Hepliaklqana.
             Mangled by Grum
             ... wielding a -1 glaive
              (18 damage)
             ... on level 1 of the Lair of Beasts.
             The game lasted 00:55:08 (9538 turns).

wingedge the Thaumaturge (Mummy Wanderer)           Turns: 9538, Time: 00:55:09

Health: -9/77      AC: 14    Str: 21    XL:     11   Next: 20%
Magic:  25/26      EV: 11    Int: 11    God:    Hepliaklqana [****..]
Gold:   446        SH:  5    Dex: 11    Spells: 16/32 levels left

rFire   x . .      SeeInvis +   a - +3 halberd (spect)
rCold   + . .      Faith    .   (shield currently unavailable)
rNeg    + + +      Spirit   .   x - +2 scale mail {rN+}
rPois   ∞          Reflect  +   y - +1 helmet {SInv}
rElec   .          Harm     .   j - +0 cloak
rCorr   .          Rampage  .   i - +0 pair of gloves
Will    ++...                   I - +0 pair of boots
Stlth   +.........              p - amulet "Estaczi" {Reflect rN+ SH+5 SInv Stlth+}
HPRegen 0.22/turn               C - ring of willpower
MPRegen 0.20/turn               z - ring of wizardry

@: no status effects
A: reduced essence, cold resistance 1, negative energy resistance 3, torment
resistance 2, heat vulnerability 1, in touch with death 1, no potions
a: Renounce Religion, Recall Ancestor, Ancestor Identity, Transference, Idealise


You were on level 1 of the Lair of Beasts.
You worshipped Hepliaklqana.
Hepliaklqana was greatly pleased with you.
You visited 3 branches of the dungeon, and saw 11 of its levels.

You collected 726 gold pieces.
You spent 280 gold pieces at shops.

Inventory:

Hand Weapons
 a - a +3 spectral halberd (weapon)
 b - a +0 shortbow
 O - the +4 trident "Ipner" {vorpal, Dex+4 SInv}
   (You found it on level 4 of the Dungeon)

   It inflicts extra damage upon your enemies.
   Dex:       It affects your dexterity (+4).
   SInv:      It lets you see invisible.
Missiles
 f - 2 boomerangs (quivered)
 l - 4 atropa-tipped darts
 q - 13 poisoned darts
 M - a curare-tipped dart
Armour
 i - a +0 pair of gloves (worn)
 j - a +0 cloak (worn)
 u - the +1 leather armour of Untruth {+Inv Regen+}
   (You found it on level 4 of the Dungeon)

   +Inv:      It lets you turn invisible.
   Regen:     It increases your rate of health regeneration.
 x - a +2 scale mail of positive energy (worn)
 y - a +1 helmet of see invisible (worn)
 I - a +0 pair of boots (worn)
Magical Staves
 r - a staff of air
Jewellery
 c - a ring of flight
 p - the amulet "Estaczi" (around neck) {Reflect rN+ SH+5 SInv Stlth+}
   (You acquired it on level 4 of the Dungeon)

   [amulet of reflection]

   It reflects blocked missile attacks.
   rN:        It protects you from negative energy.
   SInv:      It lets you see invisible.
   SH:        It affects your SH (+5).
   Stlth:     It makes you more stealthy.
 z - a ring of wizardry (right hand)
 A - a ring of resist corrosion
 C - a ring of willpower (left hand)
 N - an amulet of magic regeneration
Wands
 e - a wand of mindburst (24)
 D - a wand of flame (17)
 F - a wand of polymorph (1)
 G - a wand of iceblast (9)
 K - a wand of light (4)
 L - a wand of digging (6)
Scrolls
 d - 3 scrolls of blinking
 g - a scroll of amnesia
 h - 3 scrolls of identify
 k - a scroll of immolation
 o - 5 scrolls of teleportation
 w - 2 scrolls of magic mapping
 B - 2 scrolls of enchant armour
 J - a scroll of vulnerability


   Skills:
 - Level 8.0 Fighting
 + Level 5.9(6.2) Polearms
 - Level 3.0(4.8) Staves
 - Level 2.0 Throwing
 - Level 4.0 Armour
 - Level 4.0 Dodging
 - Level 2.0 Stealth
 - Level 11.0 Spellcasting
 - Level 2.0 Hexes
 - Level 2.0 Translocations
 - Level 2.0 Transmutations
 - Level 2.0 Fire Magic
 - Level 2.0 Poison Magic
 - Level 4.0 Invocations


You had 16 spell levels left.
You knew the following spells:

 Your Spells              Type           Power      Damage    Failure   Level
a - Sting                 Tmut/Pois      40%        1d5       5%          1
b - Ignite Poison         Fire/Tmut/Pois 10%        N/A       16%         3
c - Inner Flame           Hex/Fire       10%        N/A       16%         3
d - Gell's Gravitas       Tloc           10%        N/A       16%         3
e - Teleport Other        Tloc           10%        N/A       16%         3
f - Conjure Flame         Conj/Fire      8%         6-21      24%         3

Your spell library contained the following spells:

 Spells                   Type           Power      Damage    Failure   Level
 Foxfire                  Conj/Fire      32%        2x1d5     9%          1
 Flame Wave               Conj/Fire      8%         2d5       58%         4
 Iskenderun's Battlesphe  Conj           6%         2d6       96%         5
 Dispersal                Tloc           5%         N/A       100%        6
 Iron Shot                Conj/Erth      3%         9d2       100%        6
 Spellforged Servitor     Conj/Summ      3%         N/A       100%        7


Dungeon Overview and Level Annotations

Branches:
Dungeon (9/15)             Temple (1/1) D:5            Lair (1/5) D:9
    Orc: D:9-12

Altars:
Ashenzari
Cheibriados
Dithmenos
Fedhas
Gozag
Hepliaklqana
Kikubaaqudgha
Makhleb
Nemelex Xobeh
Okawaru
Qazlal
Ru
Sif Muna
Trog
Uskayaw
Vehumet
Xom
Yredelemnul

Shops:
D:5 [   D:8 [

Annotations:
Lair:1 Grum


Innate Abilities, Weirdness & Mutations

Your life essence is reduced to manifest your ancestor. (-10% HP)
You are immune to poison.
Your flesh is cold resistant. (rC+)
You are immune to negative energy. (rN+++)
You are immune to unholy pain and torment.
You are vulnerable to heat. (rF-)
You are in touch with the powers of death.
You do not drink.


Message History

The yak dies!
You block the water moccasin's attack. The cane toad stings you.
Unknown command.
As you read the scroll of fear, it crumbles to dust.
You assume a fearsome visage.
The butterfly looks frightened!
Grum looks frightened!
The wolf looks frightened! x3
The black mamba looks frightened!
The water moccasin looks frightened!
The yak looks frightened! x3; The cane toad looks frightened!
Mushu casts a spell at the water moccasin.
The puff of frost misses the water moccasin.
Reach: a) +3 halberd (spect)
Press: ? - help, Dir - move target, f - cane toad
Aim: a cane toad (heavily wounded, fleeing, about 35% to evade your +3 spectral halberd)
You reach to attack!
You catch the helpless cane toad completely off-guard!
You hit the cane toad but do no damage.
Your attack snaps the cane toad out of its fear.
The cane toad is heavily wounded.
Your +3 spectral halberd hits the cane toad!
Grum drinks a potion.
Grum goes berserk!
The cane toad closely misses your +3 spectral halberd.
You hear a bellow!
Throw: throwing net
Press: ? - help, Shift-Dir - straight line, f - Grum, p - cane toad
Aim: Grum, wielding a -1 glaive and wearing a +0 animal skin (heavily wounded, berserk, 65% to hit)
You throw a throwing net. The throwing net barely misses Grum.
Grum hits you from afar with a -1 glaive!
The cane toad closely misses you.
Reach: a) +3 halberd (spect)
Press: ? - help, Dir - move target, f/p - Grum
Aim: Grum, wielding a -1 glaive and wearing a +0 animal skin (heavily wounded, berserk, about 35% to evade your +3 spectral halberd)
You reach to attack!
You barely miss Grum.
Grum is heavily wounded.
Your +3 spectral halberd hits Grum from afar!
Grum hits you from afar with a -1 glaive!
* * * LOW HITPOINT WARNING * * *
The cane toad stings you.
* * * LOW HITPOINT WARNING * * *
Grum hits you from afar with a -1 glaive!!
You die...

.. .......Y ...
......
...##.....
......... ##
......... .P##
.....§.g# ..!..
.....§F.#......
......†@(.R...S
.?.....#....###
......# ...#Y#
.b.... ####
..... ..Y.$
.... ....


You could see the friendly Mushu the battlemage, Grum (berserk), 3 yaks, a cane
toad, a water moccasin (fleeing, ally target) and a friendly +3 spectral halberd
(summoned).

Vanquished Creatures
  A two-headed ogre (D:5)
  Joseph (D:9)
  Prince Ribbit (D:7)
  A wyvern (D:9)
  4 yaks
  An acid dragon (D:9)
  Duvessa (D:7)
  2 water moccasins (D:6)
  An ice beast (D:7)
  A black bear (D:5)
  2 centaurs (D:9)
  A wolf (Lair:1)
  An ogre (D:7)
  2 lemures (D:8)
  A phantom (D:6)
  A kobold brigand (D:9)
  A bullfrog (D:6)
  A scorpion (D:6)
  6 wights
  8 killer bees
  2 electric eels (D:7)
  A vampire bat (D:5)
  3 hounds
  2 iguanas
  4 orc priests
  A gnoll bouda (D:6)
  7 orc wizards
  4 gnolls
  A shadow imp (D:6)
  3 dart slugs
  2 worms
  18 orcs
  2 bat skeletons (D:5)
  2 bat zombies (D:5)
  3 endoplasms
  5 goblins
  6 hobgoblins
  5 quokkas
  4 ball pythons
  5 bats
  6 frilled lizards (D:1)
  7 kobolds
  A rat (D:1)
132 creatures vanquished.

Vanquished Creatures (collateral kills)
  A two-headed ogre (D:9)
  Pikel (D:8)
  An ugly thing (D:7)
  Maggie (D:9)
  A komodo dragon (D:9)
  A shadow (D:9)
  A wraith (D:8)
  2 wyverns
  2 yaks (Lair:1)
  A basilisk (D:9)
  A steam dragon (D:9)
  Menkaure (D:7)
  An orc warrior (D:9)
  A sky beast (D:7)
  An ogre (D:4)
  2 lemures (D:8)
  2 phantoms
  A kobold brigand (D:9)
  A bullfrog (D:7)
  A necrophage (D:7)
  2 wights (D:8)
  Dowan (D:7)
  6 killer bees
  7 electric eels
  A vampire bat (D:5)
  An orc priest (D:9)
  2 iguanas (D:6)
  3 orc wizards
  2 gnolls
  3 adders
  A white imp (D:5)
  7 dart slugs
  17 orcs
  3 bats
  2 endoplasms
  2 goblins (D:4)
  3 hobgoblins
  3 jackals (D:3)
  6 kobolds
  3 quokkas
  A ball python (D:4)
  2 frilled lizards
  3 rats
105 creatures vanquished.

Vanquished Creatures (others)
  4 battlemagi
  An ancestor (D:1)
  2 fungi (D:1)
  37 plants
44 creatures vanquished.

Grand Total: 281 creatures vanquished

Notes
Turn   | Place    | Note
-------+----------+-------------------------------------------
     0 | D:1      | wingedge the Mummy Wanderer began the quest for the Orb.
     0 | D:1      | wingedge set off with the following items: a +2
                  | quarterstaff, 9 poisoned darts, a +0 dagger, a scroll of
                  | blinking, a +0 leather armour; and the following spell
                  | memorised: Sting; and the following spells available to
                  | memorise: Ignite Poison.
     0 | D:1      | Reached XP level 1. HP: 13/13 MP: 2/2
   179 | D:1      | Reached skill level 1 in Fighting
   321 | D:1      | Reached XP level 2. HP: 21/21 MP: 4/4
   329 | D:1      | Found a faded altar of an unknown god.
   337 | D:1      | Prayed at the altar of an unknown god.
   337 | D:1      | Became a worshipper of Hepliaklqana the Forgotten
   337 | D:1      | Reached * piety under Hepliaklqana
   883 | D:1      | Gained mutation: You are in touch with the powers of death.
                  | [Mummy growth]
   883 | D:1      | Reached XP level 3. HP: 24/24 MP: 5/5
  1378 | D:2      | Reached skill level 1 in Transmutations
  1441 | D:2      | Reached ** piety under Hepliaklqana
  1442 | D:2      | Remembered your ancestor Mushu as a battlemage
  1535 | D:2      | Found a burning altar of Makhleb.
  1839 | D:2      | Reached skill level 2 in Spellcasting
  2196 | D:3      | Found a shimmering blue altar of Sif Muna.
  2252 | D:3      | Reached XP level 4. HP: 29/29 MP: 7/7
  2778 | D:4      | Noticed an ogre
  2782 | D:4      | Killed an ogre
  2783 | D:4      | Reached skill level 3 in Spellcasting
  2783 | D:4      | Reached XP level 5. HP: 12/36 MP: 7/9
  3029 | D:4      | Identified the +4 trident "Ipner" {vorpal, Dex+4 SInv}
  3229 | D:4      | Noticed a phantom
  3236 | D:4      | Killed a phantom
  3237 | D:4      | Reached skill level 1 in Polearms
  3304 | D:4      | Identified the +1 leather armour of Untruth {+Inv Regen+}
  3561 | D:4      | Identified a scroll of acquirement
  3562 | D:4      | Acquired the amulet "Estaczi" {Reflect rN+ SH+5 SInv
                  | Stlth+}
  3754 | D:5      | Entered Level 5 of the Dungeon
  3754 | D:5      | Found Uqowinuq's Antique Armour Boutique.
  3758 | D:5      | Bought a glowing scale mail for 105 gold pieces
  3758 | D:5      | Bought a glowing helmet for 112 gold pieces
  3780 | D:5      | Noticed a black bear
  3789 | D:5      | Killed a black bear
  3790 | D:5      | Reached XP level 6. HP: 43/43 MP: 10/10
  3912 | D:5      | Noticed a two-headed ogre
  4096 | D:5      | Found a staircase to the Ecumenical Temple.
  4110 | Temple   | Entered the Ecumenical Temple
  4391 | D:5      | Reached *** piety under Hepliaklqana
  4456 | D:5      | Found a hide-covered altar of Uskayaw.
  4541 | D:5      | Found an ancient bone altar of Kikubaaqudgha.
  4546 | D:5      | Reached XP level 7. HP: 42/48 MP: 11/11
  4556 | D:5      | Reached skill level 1 in Invocations
  4845 | D:5      | Killed a two-headed ogre
  4846 | D:5      | Reached skill level 5 in Fighting
  4846 | D:5      | Reached skill level 1 in Fire Magic
  4846 | D:5      | Reached skill level 4 in Spellcasting
  4846 | D:5      | Reached XP level 8. HP: 55/55 MP: 8/14
  4915 | D:5      | Learned a level 3 spell: Ignite Poison
  5380 | D:6      | Reached skill level 5 in Spellcasting
  5666 | D:6      | Reached skill level 6 in Spellcasting
  6430 | D:7      | Reached XP level 9. HP: 51/62 MP: 14/19
  6436 | D:7      | Reached skill level 7 in Spellcasting
  6762 | D:7      | Reached skill level 8 in Spellcasting
  6815 | D:7      | Noticed a green ugly thing
  6827 | D:7      | Killed a green ugly thing
  6874 | D:7      | Found a shadowy altar of Dithmenos.
  6913 | D:7      | Noticed Menkaure
  6915 | D:7      | Noticed Dowan
  6919 | D:7      | Killed Menkaure
  6920 | D:7      | Reached skill level 9 in Spellcasting
  6920 | D:7      | Noticed Duvessa
  6921 | D:7      | Killed Dowan
  6928 | D:7      | Killed Duvessa
  7049 | D:7      | Noticed Prince Ribbit
  7052 | D:7      | Killed Prince Ribbit
  7306 | D:8      | Reached **** piety under Hepliaklqana
  7415 | D:8      | Found a hazy altar of Hepliaklqana.
  7483 | D:8      | Reached XP level 10. HP: 71/71 MP: 23/23
  7536 | D:8      | Noticed Pikel
  7569 | D:8      | Killed Pikel
  7570 | D:8      | Reached skill level 5 in Polearms
  7948 | D:8      | Found Fudeocaf's Armour Boutique.
  7951 | D:8      | Bought a +0 cloak for 63 gold pieces
  8241 | D:9      | Reached skill level 10 in Spellcasting
  8265 | D:9      | Learned a level 3 spell: Inner Flame
  8269 | D:9      | Learned a level 3 spell: Gell's Gravitas
  8273 | D:9      | Learned a level 3 spell: Teleport Other
  8277 | D:9      | Learned a level 3 spell: Conjure Flame
  8323 | D:9      | Reached skill level 1 in Translocations
  8338 | D:9      | Reached skill level 1 in Hexes
  8415 | D:9      | Found a staircase to the Lair.
  8534 | D:9      | Noticed Maggie
  8593 | D:9      | Killed Maggie
  8625 | D:9      | Noticed Joseph
  8635 | D:9      | Killed Joseph
  8704 | D:9      | Reached skill level 11 in Spellcasting
  8723 | D:9      | Noticed a two-headed ogre
  8729 | D:9      | Killed a two-headed ogre
  8730 | D:9      | Reached XP level 11. HP: 76/76 MP: 24/26
  9528 | Lair:1   | Entered Level 1 of the Lair of Beasts
  9528 | Lair:1   | Noticed Grum
  9538 | Lair:1   | Mangled by Grum

Illustrated notes

Levels and vault maps discovered:
D:1:      amcnicky_arrival_gap_in_the_tavern_cellar, layout_loops_ring,
          shapermc_ecumenical_altar_gd, minmay_cut_off
D:2:      layout_basic, basic_altar
D:3:      layout_loops_ring, jmf_multi_god_temple
D:4:      layout_loops_ring, chequers_serial_rivers_micro_b
D:5:      layout_loops_ring, kennysheep_vampire_church,
          mainiacjoe_overflow_alcove_2, minmay_temple_entry_junction,
          serial_shops, nicolae_shop_hallway_stairs
D:6:      layout_basic, minmay_fountain_box, kennysheep_dice
D:7:      kennysheep_slugbush, layout_basic,
          nicolae_dithmenos_through_a_glass_darkly, kennysheep_windowed_goal,
          uniq_menkaure, uniq_prince_ribbit1, uniq_duvessa
D:8:      layout_loops_ring, lemuel_tele_altar, serial_shops,
          nicolae_shop_behind_doors, uniq_pikel
D:9:      layout_loops_ring, erik_lair_dragon, serial_bayou,
          serial_bayou_pond_c, serial_bayou_pond_c, serial_bayou_shore_b,
          serial_bayou_lake_a, uniq_joseph, uniq_maggie
Temple:   regret_index_temple_generic_petals
Lair:1:   layout_misc_corridors, st_stairs_6, grunt_megastairs_3,
          lemuel_fruit_fields, uniq_nergalle, uniq_grum

Skill      XL: |  1  2  3  4  5  6  7  8  9 10 11 |
---------------+----------------------------------+-----
Fighting       | 1 2 3 4 5 6 7 8 |  8.0
Throwing       | 2 |  2.0
Transmutations | 1 2 |  2.0
Spellcasting   | 2 3 4 6 9 11 | 11.0
Staves         | 3 |  3.0
Polearms       | 2 3 4 5 |  5.9
Armour         | 2 3 4 |  4.0
Dodging        | 2 4 |  4.0
Invocations    | 2 3 4 |  4.0
Poison Magic   | 2 |  2.0
Fire Magic     | 2 |  2.0
Translocations | 2 |  2.0
Hexes          | 2 |  2.0
Stealth        | 2 |  2.0

Action                   |  1- 3 |  4- 6 |  7- 9 | 10-12 || total
-------------------------+-------+-------+-------+-------++-------
Melee: Quarterstaff      |    81 |     3 |       |       ||    84
       Trident           |       |    44 |   115 |   142 ||   301
       Punch             |       |       |     3 |       ||     3
       Halberd           |       |       |       |     6 ||     6
       Staff             |       |       |       |     1 ||     1
Throw: Dart              |     5 |    23 |    28 |     5 ||    61
       Boomerang         |       |       |     5 |       ||     5
       Throwing net      |       |       |     1 |     1 ||     2
 Cast: Sting             |       |       |    28 |    24 ||    52
       Ignite Poison     |       |       |    10 |     2 ||    12
       Gell's Gravitas   |       |       |       |     1 ||     1
Invok: Ancestor Identity |     1 |       |       |       ||     1
       Ancestor Life: Ba |     1 |       |       |       ||     1
       Recall Ancestor   |       |     1 |       |     1 ||     2
  Use: Scroll            |     4 |     3 |     5 |     4 ||    16
 Stab: Sleeping          |     1 |     3 |       |     2 ||     6
       Distracted        |       |     3 |     3 |     1 ||     7
       Fleeing           |       |       |       |     1 ||     1
Armor: Leather armour    |    16 |       |       |    15 ||    31
       Ring mail         |    12 |     6 |       |       ||    18
       Scale mail        |       |    17 |    64 |     6 ||    87
Dodge: Dodged            |    43 |    19 |    69 |    52 ||   183
Block: Other             |       |     4 |    25 |    25 ||    54
       Reflection        |       |       |     1 |     2 ||     3
